 Dungeon Crawl Stone Soup version 0.30-a0-374-g95c0257040 (webtiles) character file.

Game seed: 15263302375632569659

17847 gruber the Frost Mage (level 12, -12/92 HPs)
             Began as a Gnoll Ice Elementalist on Nov 26, 2022.
             Was the Champion of Okawaru.
             Mangled by a shadow (20 damage)
             ... on level 11 of the Dungeon.
             The game lasted 00:15:09 (9594 turns).

gruber the Frost Mage (Gnoll Ice Elementalist)      Turns: 9594, Time: 00:15:11

Health: -12/92     AC: 22    Str:  3 (5)  XL:     12   Next: 52%
Magic:  17/25      EV: 15    Int: 17 (20) God:    Okawaru [******]
Gold:   836        SH:  7    Dex: 11 (13) Spells: 22/29 levels left

rFire   . . .      SeeInvis .    O - +5 sling (drain)
rCold   . . .      Faith    .    J - +0 buckler
rNeg    . . .      Spirit   .    x - +0 troll leather armour
rPois   .          Reflect  .    (no helmet)
rElec   .          Harm     .    A - +0 cloak
rCorr   .          Rampage  .    (no gloves)
Will    .....                    w - +2 pair of boots
Stlth   +++++.....               H - amulet of magic regeneration
HPRegen 1.15/turn                t - ring of wizardry
MPRegen 0.59/turn                N - +4 ring of protection

@: ice-armoured, heroic, finesse-ful, freezing walls
A: fangs 1, strong nose, distributed training, mutation resistance 1, weak 1,
wild magic 1
a: Renounce Religion, Heroism, Finesse, Duel


You were on level 11 of the Dungeon.
You worshipped Okawaru.
Okawaru was exalted by your worship.
You visited 1 branch of the dungeon, and saw 11 of its levels.

You collected 836 gold pieces.

Inventory:

Hand Weapons
 y - the +6 dagger "Ruptoebb" {vorpal, Str+6 SInv}
   (You found it on level 4 of the Dungeon)

   It inflicts extra damage upon your enemies.
   Str:       It affects your strength (+6).
   SInv:      It lets you see invisible.
 O - a +5 sling of draining (weapon)
Missiles
 m - a throwing net
Armour
 w - a +2 pair of boots (worn)
 x - a +0 troll leather armour (worn)
 A - a +0 cloak (worn)
 J - a +0 buckler (worn)
 M - +0 swamp dragon scales
Magical Staves
 d - a staff of cold
Jewellery
 t - a ring of wizardry (left hand)
 H - an amulet of magic regeneration (around neck)
 L - a ring of flight
 N - a +4 ring of protection (right hand)
 S - a ring of protection from fire
Wands
 l - a wand of charming (12)
 B - a wand of iceblast (6)
 F - a wand of digging (5)
 G - a wand of quicksilver (5)
Scrolls
 a - 2 scrolls of noise {unknown}
 c - 15 scrolls of identify {unknown}
 f - 9 scrolls of teleportation {unknown}
 g - a scroll of blinking {unknown}
 h - 4 scrolls of vulnerability {unknown}
 i - a scroll of fear {unknown}
 k - 3 scrolls of enchant weapon {unknown}
 q - 4 scrolls of magic mapping {unknown}
 r - 3 scrolls of poison {unknown}
 u - a scroll of silence {unknown}
 z - 4 scrolls of immolation {unknown}
 D - 3 scrolls of enchant armour {unknown}
 I - 4 scrolls of butterflies {unknown}
Potions
 b - a potion of magic
 e - 3 potions of degeneration
 j - 2 potions of cancellation {unknown}
 n - 3 potions of might
 o - 7 potions of curing {unknown}
 p - 3 potions of brilliance {unknown}
 s - 5 potions of mutation
 v - 3 potions of resistance {unknown}
 C - a potion of lignification {unknown}
 E - 3 potions of haste {unknown}
 K - a potion of heal wounds {unknown}
 P - a potion of flight {unknown}
 Q - a potion of berserk rage {unknown}
 R - 9 potions of ambrosia


   Skills:
 + Level 7.6(12.6) Fighting
 + Level 7.6(12.6) Short Blades
 + Level 7.6(12.6) Long Blades
 + Level 7.6(12.6) Axes
 + Level 7.6(12.6) Maces & Flails
 + Level 7.6(12.6) Polearms
 + Level 7.6(12.6) Staves
 + Level 7.6(12.6) Ranged Weapons
 + Level 7.6(12.6) Throwing
 + Level 7.6(12.6) Armour
 + Level 9.0(14.0) Dodging
 + Level 8.8(13.8) Stealth
 + Level 7.6(12.6) Shields
 + Level 7.6(12.6) Unarmed Combat
 + Level 9.2 Spellcasting
 + Level 6.3 Conjurations
 + Level 6.3 Hexes
 + Level 6.3 Summonings
 + Level 6.3 Necromancy
 + Level 6.3 Translocations
 + Level 6.3 Transmutations
 + Level 6.3 Fire Magic
 + Level 9.6 Ice Magic
 + Level 6.3 Air Magic
 + Level 6.3 Earth Magic
 + Level 6.3 Poison Magic
 + Level 8.4 Invocations
 + Level 7.6 Evocations


You had 22 spell levels left.
You knew the following spells:

 Your Spells              Type           Power      Damage    Failure   Level
a - Freeze                Ice            100%       1d10      1%          1
b - Frozen Ramparts       Ice            100%       1d16      1%          3
c - Ozocubu's Armour      Ice            52%        N/A       1%          3

Your spell library contained the following spells:

 Spells                   Type           Power      Damage    Failure   Level
 Blink                    Tloc           76%        N/A       1%          2
 Momentum Strike          Conj/Tloc      76%        3d10      1%          2
 Lesser Beckoning         Tloc           76%        N/A       2%          3
 Summon Ice Beast         Ice/Summ       Unusable   N/A       N/A         4

Dungeon Overview and Level Annotations

Branches:
Dungeon (11/15)            Temple (0/1) D:6            Lair (0/5) D:8
    Orc (0/2) D:11

Altars:
Ashenzari
Dithmenos
Gozag
Nemelex Xobeh
Okawaru
Ru
Trog
Uskayaw
Xom
Zin

Shops:
D:7 ?   D:10 *


Innate Abilities, Weirdness & Mutations

You have very sharp teeth.
Your uncanny sense of smell can sniff out nearby items.
Your experience applies equally to all skills.
You are somewhat resistant to further mutation.
You are weak. (Str -2)
Your spells are a little harder to cast, but a little more powerful.


Message History

The bolt closely misses you.
Unknown command.
Unknown command.
Unknown command.
Unknown command.
Unknown command.
Fire: O) +5 sling (drain)
Press: ? - help, Q - select action, (/) - cycle Shift-Dir - straight line, f/p - yaktaur
Aim: a yaktaur, wielding a +0 arbalest (almost dead, lightly drained, 87% to hit)
You shoot a sling bullet.
The sling bullet hits the yaktaur but does no damage.
You drain the yaktaur.
You kill the yaktaur!
Okawaru accepts your kill. Okawaru grants you a weapon!
Something appears at your feet!
You see here the +8 rapier of Action {vorpal, +Blink rPois rN+}.
Fire: O) +5 sling (drain)
Press: ? - help, Q - select action, (/) - cycle Shift-Dir - straight line, f - tengu warrior
Aim: a tengu warrior, wielding a +0 arbalest and wearing a +0 ring mail (heavily wounded, 57% to hit)
You shoot a sling bullet.
The sling bullet barely misses the tengu warrior.
The sling bullet hits the centaur.
The centaur is heavily wounded.
The wall freezes the tengu warrior!
The tengu warrior shoots a bolt.
The bolt hits you!!
* * * LOW HITPOINT WARNING * * *
Unknown command.
It was a potion of degeneration.
There was something very wrong with that liquid.
You feel weakened.
You feel dopey.
You feel clumsy.
The wall freezes something but does no damage.
The wall freezes the tengu warrior.
The tengu warrior shoots a bolt.
It was a potion of mutation.
You feel extremely strange.
You feel less in control of your magic.
You feel weaker.
You feel genetically stable.
The wall freezes the two-headed ogre.
The wall freezes something but does no damage.
The shadow strikes at you from the darkness!
You die...

#.(# ####'#########
+......†'....#
#......(#....###
#.......#......#
∆##..⌠..##......###
#.....####......# ∆
##...## #......#
#.@.# ###....#
##{## #|...#


cOQ ###### ∆.....∆ ....... ......... +....⌠....+ #.........# You could see a
tengu warrior, a two-headed ogre and a centaur.

Vanquished Creatures
  2 death yaks (D:7)
  Erica (D:8)
  A two-headed ogre (D:8)
  Pikel (D:7)
  A cyclops (D:11)
  Maurice (D:8)
  A gargoyle (D:10)
  An unseen horror (D:11)
  Maggie (D:9)
  A kobold demonologist (D:10)
  2 yaktaurs (D:11)
  5 trolls
  3 hornets
  A queen bee (D:11)
  Sigmund (D:5)
  A shadow (D:11)
  A vampire (D:9)
  2 wyverns
  29 yaks
  2 steam dragons
  2 acid dragons
  A water moccasin (D:3)
  A floating eye (D:9)
  8 orc warriors
  2 black bears (D:4)
  2 sky beasts
  4 ogres
  7 centaurs
  Blork the orc (D:5)
  A kobold brigand (D:9)
  5 bullfrogs
  A gnoll sergeant (D:8)
  2 scorpions (D:4)
  2 necrophages
  2 wights (D:9)
  32 killer bees
  4 howler monkeys
  4 hounds
  A gnoll bouda (D:4)
  7 orc priests
  Crazy Yiuf (D:5)
  An iguana (D:5)
  2 hell rats
  4 orc wizards
  10 gnolls
  13 adders
  3 shadow imps
  2 white imps
  An ufetubus (D:5)
  4 worms
  6 dart slugs
  68 orcs
  7 ball pythons
  5 bats
  11 endoplasms
  4 giant cockroaches
  7 goblins
  4 hobgoblins
  6 jackals
  5 quokkas
  A frilled lizard (D:1)
  8 kobolds
  8 rats
328 creatures vanquished.

Vanquished Creatures (collateral kills)
  An ogre (D:5)
1 creature vanquished.

Vanquished Creatures (others)
  3 fungi (D:9)
3 creatures vanquished.

Grand Total: 332 creatures vanquished

Notes
Turn   | Place    | Note
-------+----------+-------------------------------------------
     0 | D:1      | gruber the Gnoll Ice Elementalist began the quest for the
                  | Orb.
     0 | D:1      | Reached XP level 1. HP: 13/13 MP: 6/6
   218 | D:1      | Reached XP level 2. HP: 13/20 MP: 4/7
   518 | D:1      | Reached skill level 5 in Spellcasting
   518 | D:1      | Reached XP level 3. HP: 25/25 MP: 6/9
   596 | D:1      | Learned a level 3 spell: Frozen Ramparts
   600 | D:1      | Learned a level 3 spell: Ozocubu's Armour
   686 | D:1      | Reached skill level 1 in Invocations
   991 | D:2      | Reached skill level 1 in Fighting
   991 | D:2      | Reached skill level 1 in Short Blades
   991 | D:2      | Reached skill level 1 in Long Blades
   991 | D:2      | Reached skill level 1 in Axes
   991 | D:2      | Reached skill level 1 in Maces & Flails
   991 | D:2      | Reached skill level 1 in Polearms
   991 | D:2      | Reached skill level 1 in Staves
   991 | D:2      | Reached skill level 1 in Ranged Weapons
   991 | D:2      | Reached skill level 1 in Throwing
   991 | D:2      | Reached skill level 1 in Armour
   991 | D:2      | Reached skill level 1 in Shields
   991 | D:2      | Reached skill level 1 in Unarmed Combat
   991 | D:2      | Reached skill level 1 in Evocations
  1112 | D:2      | Found a faded altar of an unknown god.
  1154 | D:2      | Reached XP level 4. HP: 32/32 MP: 7/11
  1434 | D:2      | Reached skill level 1 in Conjurations
  1434 | D:2      | Reached skill level 1 in Hexes
  1434 | D:2      | Reached skill level 1 in Summonings
  1434 | D:2      | Reached skill level 1 in Necromancy
  1434 | D:2      | Reached skill level 1 in Translocations
  1434 | D:2      | Reached skill level 1 in Transmutations
  1434 | D:2      | Reached skill level 1 in Fire Magic
  1434 | D:2      | Reached skill level 1 in Air Magic
  1434 | D:2      | Reached skill level 1 in Earth Magic
  1434 | D:2      | Reached skill level 1 in Poison Magic
  1724 | D:3      | Noticed a water moccasin
  1731 | D:3      | Killed a water moccasin
  1732 | D:3      | Reached XP level 5. HP: 36/38 MP: 5/12
  1962 | D:3      | Reached XP level 6. HP: 41/44 MP: 10/13
  2286 | D:3      | Learned a level 4 spell: Summon Ice Beast
  2685 | D:4      | Reached skill level 5 in Dodging
  2734 | D:4      | Noticed a black bear
  2746 | D:4      | Killed a black bear
  2759 | D:4      | Noticed a black bear
  2764 | D:4      | Reached XP level 7. HP: 51/51 MP: 3/15
  3083 | D:4      | You fall into a shaft and drop 1 floor!
  3083 | D:5      | Entered Level 5 of the Dungeon
  3130 | D:5      | Reached skill level 5 in Stealth
  3424 | D:5      | Found a runed translucent door.
  3425 | D:5      | Noticed Crazy Yiuf
  3441 | D:5      | Noticed Sigmund
  3505 | D:5      | Killed Sigmund
  3506 | D:5      | Reached XP level 8. HP: 42/58 MP: 5/16
  3646 | D:5      | Noticed Blork the orc
  3646 | D:5      | Noticed a troll
  3660 | D:5      | Killed Blork the orc
  3745 | D:5      | Killed a troll
  4481 | D:4      | Found a broken altar of Ashenzari.
  4486 | D:4      | Found a bloodstained altar of Trog.
  4487 | D:4      | Found a hide-covered altar of Uskayaw.
  4487 | D:4      | Found a sparkling altar of Nemelex Xobeh.
  4487 | D:4      | Found a shadowy altar of Dithmenos.
  4488 | D:4      | Found an opulent altar of Gozag.
  4489 | D:4      | Found an iron altar of Okawaru.
  4490 | D:4      | Found a sacrificial altar of Ru.
  4495 | D:4      | Became a worshipper of Warmaster Okawaru
  4532 | D:4      | Identified the +6 dagger "Ruptoebb" {vorpal, Str+6 SInv}
  4630 | D:5      | Reached XP level 9. HP: 65/65 MP: 18/18
  4920 | D:5      | Killed Crazy Yiuf
  5062 | D:6      | Found a staircase to the Ecumenical Temple.
  5428 | D:6      | Reached * piety under Okawaru
  5829 | D:7      | Noticed Pikel
  5856 | D:7      | Killed Pikel
  5856 | D:7      | Reached ** piety under Okawaru
  5857 | D:7      | Reached skill level 5 in Invocations
  6128 | D:7      | Found Geygor's Magic Scroll Boutique.
  6488 | D:8      | Noticed Maurice
  6497 | D:8      | Killed Maurice
  6498 | D:8      | Reached skill level 5 in Fighting
  6498 | D:8      | Reached skill level 5 in Short Blades
  6498 | D:8      | Reached skill level 5 in Long Blades
  6498 | D:8      | Reached skill level 5 in Axes
  6498 | D:8      | Reached skill level 5 in Maces & Flails
  6498 | D:8      | Reached skill level 5 in Polearms
  6498 | D:8      | Reached skill level 5 in Staves
  6498 | D:8      | Reached skill level 5 in Ranged Weapons
  6498 | D:8      | Reached skill level 5 in Throwing
  6498 | D:8      | Reached skill level 5 in Armour
  6498 | D:8      | Reached skill level 5 in Shields
  6498 | D:8      | Reached skill level 5 in Unarmed Combat
  6498 | D:8      | Reached skill level 5 in Evocations
  6498 | D:8      | Reached XP level 10. HP: 74/74 MP: 15/20
  6537 | D:8      | Reached *** piety under Okawaru
  6537 | D:8      | Noticed a death yak
  6537 | D:8      | Noticed Erica
  6668 | D:8      | Noticed a death yak
  6670 | D:8      | Noticed a death yak
  6707 | D:7      | Killed a death yak
  6849 | D:8      | Noticed a two-headed ogre
  6858 | D:8      | Killed a two-headed ogre
  6858 | D:8      | Reached **** piety under Okawaru
  7068 | D:8      | Received a gift from Okawaru
  7130 | D:7      | Killed a death yak
  7131 | D:7      | Reached skill level 5 in Conjurations
  7131 | D:7      | Reached skill level 5 in Hexes
  7131 | D:7      | Reached skill level 5 in Summonings
  7131 | D:7      | Reached skill level 5 in Necromancy
  7131 | D:7      | Reached skill level 5 in Translocations
  7131 | D:7      | Reached skill level 5 in Transmutations
  7131 | D:7      | Reached skill level 5 in Fire Magic
  7131 | D:7      | Reached skill level 5 in Air Magic
  7131 | D:7      | Reached skill level 5 in Earth Magic
  7131 | D:7      | Reached skill level 5 in Poison Magic
  7131 | D:7      | Reached XP level 11. HP: 54/81 MP: 22/22
  7182 | D:8      | Found a staircase to the Lair.
  7209 | D:8      | Killed Erica
  7493 | D:9      | Reached ***** piety under Okawaru
  7524 | D:9      | Received a gift from Okawaru
  7626 | D:9      | Identified the +1 robe of Trial and Error {Dex+6}
  7627 | D:9      | Noticed Maggie
  7644 | D:9      | Killed Maggie
  7644 | D:9      | Received a gift from Okawaru
  8272 | D:10     | Entered Level 10 of the Dungeon
  8283 | D:10     | Found Vunab's Serpentskin Sales.
  8584 | D:10     | Received a gift from Okawaru
  8608 | D:10     | Reached XP level 12. HP: 91/91 MP: 20/24
  8634 | D:10     | Noticed an angel
  8635 | D:10     | Found a glowing silver altar of Zin.
  8639 | D:10     | Found a shimmering altar of Xom.
  9377 | D:11     | Reached ****** piety under Okawaru
  9409 | D:11     | Found a staircase to the Orcish Mines.
  9471 | D:11     | Received a gift from Okawaru
  9573 | D:11     | Noticed a tengu warrior
  9573 | D:11     | Noticed a two-headed ogre
  9591 | D:11     | Identified the +8 rapier of Action {vorpal, +Blink rPois
                  | rN+} (Okawaru gifted it to you on level 11 of the Dungeon)
  9591 | D:11     | Received a gift from Okawaru
  9594 | D:11     | Gained mutation: Your spells are a little harder to cast,
                  | but a little more powerful. [potion of mutation]
  9594 | D:11     | Gained mutation: You are weak. (Str -2) [potion of
                  | mutation]
  9594 | D:11     | Gained mutation: You are somewhat resistant to further
                  | mutation. [potion of mutation]
  9594 | D:11     | Mangled by a shadow

Illustrated notes

Levels and vault maps discovered:
D:1:      dpeg_arrival_central, layout_basic
D:2:      minmay_diamond_boxcup, layout_basic,
          ebering_ecumenical_altar_sacrificial
D:3:      layout_loops_corners
D:4:      layout_basic, minitemple
D:5:      layout_basic, uniq_sigmund, uniq_blork_the_orc,
          uniq_crazy_yiuf_cottage
D:6:      layout_basic, minmay_temple_entry_large_hall
D:7:      layout_basic, serial_shops, nicolae_shop_stone, minmay_crystal_water,
          uniq_pikel
D:8:      layout_rooms, dpeg_lair_monsters, hangedman_minor_gate_pass,
          uniq_maurice, uniq_erica
D:9:      layout_cave_pools, serial_park, serial_park_tiny_1, serial_park_gazebo
          [serial_park_minivault_5x5_6], serial_park_square3
          [serial_park_minivault_5x5_8], onia_ninara_cookie, uniq_maggie
D:10:     layout_roguey [special_room_orc],
          grunt_temple_overflow_order_and_chaos_1, serial_aquarium,
          aquarium_bridge_square [aquarium_subvault_bridge,
          aquarium_subvault_wall, aquarium_subvault_bridge,
          aquarium_subvault_bridge], aquarium_window_double,
          aquarium_window_corridor_3, aquarium_view_2d, aquarium_balcony_3a,
          aquarium_pool_five, kennysheep_small_spiral, minmay_splitting_lines,
          guppyfry_shop_venom
D:11:     layout_gridville, hiddenorc2_lemuel, special_room [special_room_bee],
          nicolae_rejected_hall

Skill      XL: |  1  2  3  4  5  6  7  8  9 10 11 12 |
---------------+-------------------------------------+-----
Spellcasting   | 5 6 7 8 9 |  9.2
Invocations    | 1 2 3 4 5 6 7 8 |  8.4
Fighting       | 1 2 3 5 6 7 |  7.6
Short Blades   | 1 2 3 5 6 7 |  7.6
Long Blades    | 1 2 3 5 6 7 |  7.6
Axes           | 1 2 3 5 6 7 |  7.6
Maces & Flails | 1 2 3 5 6 7 |  7.6
Polearms       | 1 2 3 5 6 7 |  7.6
Staves         | 1 2 3 5 6 7 |  7.6
Ranged Weapons | 1 2 3 5 6 7 |  7.6
Throwing       | 1 2 3 5 6 7 |  7.6
Armour         | 1 2 3 5 6 7 |  7.6
Shields        | 1 2 3 5 6 7 |  7.6
Unarmed Combat | 1 2 3 5 6 7 |  7.6
Evocations     | 1 2 3 5 6 7 |  7.6
Conjurations   | 1 2 3 4 5 6 |  6.3
Hexes          | 1 2 3 4 5 6 |  6.3
Summonings     | 1 2 3 4 5 6 |  6.3
Necromancy     | 1 2 3 4 5 6 |  6.3
Translocations | 1 2 3 4 5 6 |  6.3
Transmutations | 1 2 3 4 5 6 |  6.3
Fire Magic     | 1 2 3 4 5 6 |  6.3
Air Magic      | 1 2 3 4 5 6 |  6.3
Earth Magic    | 1 2 3 4 5 6 |  6.3
Poison Magic   | 1 2 3 4 5 6 |  6.3
Dodging        | 5 6 7 8 9 |  9.0
Stealth        | 5 6 7 8 |  8.8
Ice Magic      | 8 9 |  9.6

Action                   |  1- 3 |  4- 6 |  7- 9 | 10-12 || total
-------------------------+-------+-------+-------+-------++-------
Melee: Unarmed           |     8 |       |       |       ||     8
       Staff             |    10 |    48 |    51 |       ||   109
       Bite              |     2 |     3 |    20 |    47 ||    72
       Dagger            |       |       |   110 |   304 ||   414
       Punch             |       |       |     9 |     3 ||    12
 Fire: Sling             |       |       |       |   154 ||   154
 Cast: Freeze            |    47 |    33 |    50 |    17 ||   147
       Frozen Ramparts   |       |     4 |    17 |    49 ||    70
       Ozocubu's Armour  |       |     3 |    14 |    27 ||    44
       Summon Ice Beast  |       |       |     2 |       ||     2
Invok: Heroism           |       |       |       |     6 ||     6
       Finesse           |       |       |       |     1 ||     1
Evoke: Wand              |       |       |       |     3 ||     3
  Use: Potion            |       |       |       |     2 ||     2
       Scroll            |       |       |       |     1 ||     1
 Stab: Sleeping          |     3 |     6 |     9 |     6 ||    24
       Distracted        |       |       |     1 |     1 ||     2
Armor: Robe              |     5 |    13 |    18 |       ||    36
       Troll leather arm |       |       |    46 |    84 ||   130
Dodge: Dodged            |    23 |    47 |   130 |   193 ||   393
Block: Buckler           |       |       |       |    64 ||    64

Table legend: (Time is in decaauts)
 A = Elapsed time spent in this place.
 B = Non-inter-level travel time spent in this place.
 C = Inter-level travel time spent in this place.
 D = Time resting spent in this place.
 E = Time spent auto-exploring this place.
 F = Levels seen in this place.
 G = Mean time per level.
                   A        B        C        D        E       F      G
               +--------+--------+--------+--------+--------+-----+--------+
         Total |   9500 |   9029 |    471 |     62 |   6978 |  11 |  863.6 |
       Dungeon |   9500 |   9029 |    471 |     62 |   6978 |  11 |  863.6 |
               +--------+--------+--------+--------+--------+-----+--------+

Top non-repeatable levels by time:
     D:5: 1470 daAuts
     D:7: 1068 daAuts
     D:3: 1020 daAuts
    D:10: 941 daAuts
     D:1: 935 daAuts
     D:4: 844 daAuts
     D:9: 744 daAuts
     D:2: 718 daAuts
     D:8: 711 daAuts
     D:6: 672 daAuts
    D:11: 372 daAuts
